 Dungeon Crawl Stone Soup version 0.29-a0-234-g0dae59b3db (webtiles) character file.

Game seed: 17557063649223908367

527 HotDog the Covered (level 7, -2/61 HPs)
             Began as a Minotaur Fighter on Mar 2, 2022.
             Slain by Menkaure (20 damage)
             ... on level 5 of the Dungeon.
             The game lasted 00:05:58 (5621 turns).

HotDog the Covered (Minotaur Fighter)               Turns: 5621, Time: 00:05:58

Health: -2/61      AC:  7    Str: 22    XL:     7   Next: 3%
Magic:  6/6        EV: 10    Int:  5    God:
Gold:   164        SH:  4    Dex: 10    Spells: 6/6 levels left

rFire   . . .      SeeInvis .   a - +0 long sword
rCold   . . .      Faith    .   c - +0 buckler
rNeg    . . .      Spirit   .   b - +0 scale mail
rPois   .          Reflect  .   (helmet restricted)
rElec   .          Harm     .   (no cloak)
rCorr   .          Rampage  .   (no gloves)
Will    .....                   (no boots)
Stlth   ..........              (no amulet)
HPRegen 0.20/turn               (no ring)
MPRegen 0.10/turn               (no ring)

@: no status effects
A: horns 2, retaliatory headbutt, talons 1, wild magic 1
a: no special abilities


You were on level 5 of the Dungeon.
You visited 1 branch of the dungeon, and saw 5 of its levels.

You collected 164 gold pieces.

Inventory:

Hand Weapons
 a - a +0 long sword (weapon)
Armour
 b - a +0 scale mail (worn)
 c - a +0 buckler (worn)
 h - a +0 pair of boots
Jewellery
 e - an amulet of magic regeneration
 m - a ring of see invisible
 p - a ring of magical power
Wands
 q - a wand of polymorph (8)
Scrolls
 j - 4 scrolls of teleportation
Potions
 d - 2 potions of might
 i - a potion of curing
 k - 3 potions of heal wounds
 l - a potion of mutation
 n - a potion of brilliance
 o - 2 potions of attraction {unknown}
 r - 3 potions of cancellation {unknown}


   Skills:
 * Level 5.0 Fighting
 * Level 5.6 Long Blades
 * Level 5.9 Armour
 * Level 2.5 Dodging
 + Level 0.2 Stealth
 * Level 4.6 Shields


You had 6 spell levels left.
You didn't know any spells.
Your spell library contained the following spells:

 Spells                   Type           Power      Damage    Failure   Level
 Beastly Appendage        Tmut           0%         N/A       90%         1
 Wereblood                Tmut           0%         N/A       97%         2
 Spider Form              Tmut/Pois      0%         N/A       99%         3


Dungeon Overview and Level Annotations

Branches:
Dungeon (5/15)
 Temple: D:4-7

Altars:

Annotations:
D:2 1 runed translucent door, Crazy Yiuf
D:5 Menkaure


Innate Abilities, Weirdness & Mutations

You have a pair of horns on your head.
You reflexively headbutt those who attack you in melee.
You have sharp toenails.
Your spells are a little harder to cast, but a little more powerful.


Message History

No target in view!
No target in view!
No target in view!
No target in view!
No target in view!
No target in view!
No target in view!
No target in view!
No target in view!
No target in view!
No target in view!
No target in view!
You now have 164 gold pieces (gained 10).
As you open the door, it creaks loudly!
Menkaure, Prince of Dust comes into view.
Menkaure shouts!
Found a twisted copper ring.
There is an open door here.
Menkaure is nearby!
Menkaure calls on the powers of darkness!
Your body is wracked with pain!
Menkaure is nearby!
Menkaure is nearby!
Menkaure calls on the powers of darkness!
Your body is wracked with pain!
* * * LOW HITPOINT WARNING * * *
You are too injured to fight recklessly!
Menkaure is nearby!
Menkaure is nearby!
Unknown command.
Menkaure is nearby!
You are too injured to fight recklessly!
Menkaure is nearby!
Menkaure gestures wildly while chanting.
Menkaure seems to speed up.
You completely miss Menkaure. You claw Menkaure.
Menkaure is lightly damaged.
Menkaure shouts, "You disturbed my rest!
Die!"
Menkaure hits you!!
You die...

#.............. #..............
#.....>........ #..............
#####+##..............
#.....................
###............#########
...=......######........
......M@..'....+........
..........#....#........
..........#...###'#####'
...########...##...##...
#############................#...
..................##...##....#...
..................##...##....#...
.......................#..[..#...
..................†....#.....#...


You could see Menkaure (fast).

Vanquished Creatures
  Edmund (D:3)
  A phantom (D:5)
  A scorpion (D:3)
  A hound (D:3)
  An orc priest (D:3)
  Ijyb (D:4)
  An iguana (D:5)
  An orc wizard (D:3)
  Robin (D:4)
  2 adders
  An ufetubus (D:2)
  2 worms
  2 dart slugs (D:1)
  3 orcs (D:3)
  7 ball pythons
  8 endoplasms
  3 giant cockroaches
  11 hobgoblins
  4 jackals
  5 quokkas
  9 bats
  3 frilled lizards
  15 goblins
  4 kobolds (D:1)
  4 rats (D:3)
92 creatures vanquished.

Notes
Turn   | Place    | Note
-------+----------+-------------------------------------------
     0 | D:1      | HotDog the Minotaur Fighter began the quest for the Orb.
     0 | D:1      | Reached XP level 1. HP: 19/19 MP: 0/0
   150 | D:1      | Reached XP level 2. HP: 14/27 MP: 1/1
   338 | D:1      | Found a faded altar of an unknown god.
   614 | D:1      | Reached XP level 3. HP: 33/33 MP: 2/2
  1262 | D:2      | Found a runed translucent door.
  1263 | D:2      | Noticed Crazy Yiuf
  1427 | D:2      | Reached skill level 1 in Dodging
  1563 | D:2      | Reached XP level 4. HP: 30/40 MP: 3/3
  2837 | D:3      | Reached XP level 5. HP: 25/47 MP: 4/4
  3342 | D:4      | Noticed Edmund
  3347 | D:4      | Noticed Robin
  3804 | D:3      | Reached skill level 5 in Armour
  4180 | D:3      | Reached XP level 6. HP: 14/39 MP: 5/5
  4182 | D:3      | Killed Edmund
  4183 | D:3      | Reached skill level 5 in Long Blades
  4673 | D:4      | Killed Robin
  4679 | D:4      | Noticed Ijyb
  5059 | D:4      | Killed Ijyb
  5270 | D:5      | Entered Level 5 of the Dungeon
  5372 | D:5      | Reached skill level 5 in Fighting
  5459 | D:5      | Gained mutation: Your spells are a little harder to cast,
                  | but a little more powerful. [potion of mutation]
  5459 | D:5      | Gained mutation: You have sharp toenails. [potion of
                  | mutation]
  5469 | D:5      | Reached XP level 7. HP: 52/61 MP: 6/6
  5616 | D:5      | Noticed Menkaure
  5621 | D:5      | Slain by Menkaure

Illustrated notes

Levels and vault maps discovered:
D:1:      sevenhm_arrival_forest_fort_large_4, layout_loops_ring,
          ebering_ecumenical_altar_webs
D:2:      layout_loops_ring, uniq_crazy_yiuf_cottage
D:3:      layout_loops_ring, glass_columns_b
D:4:      layout_cave_pools, minmay_temple_entry_antechambers, uniq_ijyb,
          uniq_edmund, uniq_robin, uniq_pikel
D:5:      layout_gridville, biasface_ghost_orc_armoury, uniq_menkaure

Skill      XL: |  1  2  3  4  5  6 |
---------------+-------------------+-----
Armour         | 4 5 |  5.9
Fighting       | 4 5 |  5.0
Shields        | 4 |  4.6
Long Blades    | 3 4 5 |  5.6
Dodging        | 1 2 |  2.5
Stealth        | |  0.2

Action                   |  1- 3 |  4- 6 |  7- 9 || total
-------------------------+-------+-------+-------++-------
Melee: Long sword        |    96 |   168 |     2 ||   266
       Headbutt          |    12 |     8 |       ||    20
       Kick              |       |       |     1 ||     1
  Use: Scroll            |       |     7 |       ||     7
       Potion            |       |     1 |       ||     1
Armor: Scale mail        |    46 |    95 |     1 ||   142
       Skin              |       |    13 |       ||    13
Dodge: Dodged            |    49 |   100 |       ||   149
Block: Buckler           |    28 |    47 |     1 ||    76

Table legend: (Time is in decaauts)
 A = Elapsed time spent in this place.
 B = Non-inter-level travel time spent in this place.
 C = Inter-level travel time spent in this place.
 D = Time resting spent in this place.
 E = Time spent auto-exploring this place.
 F = Levels seen in this place.
 G = Mean time per level.
                   A        B        C        D        E       F      G
               +--------+--------+--------+--------+--------+-----+--------+
         Total |   5691 |   5474 |    217 |   1982 |   2794 |   5 | 1138.2 |
       Dungeon |   5691 |   5474 |    217 |   1982 |   2794 |   5 | 1138.2 |
               +--------+--------+--------+--------+--------+-----+--------+

Top non-repeatable levels by time:
     D:3: 3052 daAuts
     D:1: 1060 daAuts
     D:2: 922 daAuts
     D:5: 353 daAuts
     D:4: 302 daAuts
